AoeStats
← GuaRdiaNN

Nomad

507908740Analyzed
3v3 RM · 10d ago on Sep 20, 2026· 48m 0s· 6 players
Game mode
Random Map
Map size
210×210
Population
200
Speed
Normal
Resources
Standard
Victory
Conquest
Starting age
Dark Age
Ending age
Imperial Age
RankedLock teamsTeams togetherTeam positionsShared explorationLock speedFull tech treeHidden civsTurbo modeCheats
Victory
Defeat
🇺🇸 Huns · United States
989
+14
🇻🇳 Mongols · Vietnam
938
+16
871
+20
🇦🇷 Saracens · Argentina
988
-18
🇦🇷 Spanish · Argentina
947
-17
🇦🇷 Byzantines · Argentina
908
-15
NachoFries4886
4:10 Loom
15:39 Feudal Age
16:48 Double-Bit Axe
20:16 Castle Age
18:21 Stone Mining
18:23 Gold Mining
25:31 Scale Barding Armor
25:27 Scale Mail Armor
25:38 Forging
27:16 Chain Mail Armor
29:17 Chain Barding Armor
30:27 Iron Casting
37:27 Imperial Age
35:12 Bow Saw
36:14 Bloodlines
36:04 Husbandry
36:41 Husbandry
36:32 Horse Collar
36:26 Elite Skirmisher
38:03 Thumb Ring
38:40 Fletching
38:50 Padded Archer Armor
40:28 Wheelbarrow
39:39 Town Watch
41:03 Parthian Tactics
42:45 Chemistry
42:06 Ballistics
42:03 Leather Archer Armor
41:43 Bodkin Arrow
43:33 Heavy Plow
44:36 Two-Man Saw
44:45 Heavy Cavalry Archer
BoBo鸡之印第安走地鸡
6:08 Loom
19:09 Feudal Age
23:36 Castle Age
21:33 Double-Bit Axe
23:10 Man-at-Arms
23:42 Gold Mining
25:58 Horse Collar
26:32 Bow Saw
27:26 Wheelbarrow
27:08 Heavy Plow
27:17 Gambesons
27:32 Squires
27:18 Arson
26:54 Long Swordsman
28:56 Hand Cart
29:46 Scale Mail Armor
30:56 Forging
31:02 Chain Mail Armor
31:10 Bow Saw
33:53 Iron Casting
43:41 Imperial Age
40:57 Town Watch
43:34 Gold Shaft Mining
43:03 Pikeman
44:36 Two-Handed Swordsman
44:41 Halberdier
46:26 Plate Mail Armor
45:53 Stone Mining
47:57 Two-Man Saw
48:08 Blast Furnace
47:08 Champion
arika
6:48 Loom
15:00 Feudal Age
15:35 Horse Collar
15:44 Double-Bit Axe
17:24 Gold Mining
21:08 Castle Age
19:38 Stone Mining
20:06 Scale Barding Armor
21:25 Forging
34:27 Nomads
35:15 Fletching
35:46 Chain Barding Armor
40:43 Imperial Age
38:54 Wheelbarrow
41:52 Drill
41:16 Capped Ram
42:03 Light Cavalry
42:49 Husbandry
43:22 Bodkin Arrow
43:28 Padded Archer Armor
43:43 Bow Saw
43:34 Heavy Plow
47:54 Elite Mangudai
GuaRdiaNN
12:27 Loom
14:18 Feudal Age
15:40 Double-Bit Axe
17:17 Wheelbarrow
22:15 Castle Age
21:58 Loom
23:50 Scale Barding Armor
23:56 Forging
24:27 Hand Cart
23:58 Town Watch
29:04 Ballistics
33:16 Iron Casting
35:34 Imperial Age
35:12 Squires
35:03 Pikeman
37:44 Chemistry
38:29 Halberdier
41:46 Chain Barding Armor
41:17 Fletching
41:27 Padded Archer Armor
43:04 Cavalier
45:25 Husbandry
45:36 Bloodlines
44:47 Light Cavalry
45:52 Paladin
KoA | Vladimir Makarov
17:16 Loom
19:36 Feudal Age
20:05 Horse Collar
21:13 Double-Bit Axe
23:18 Wheelbarrow
22:39 Gold Mining
25:06 Castle Age
24:30 Forging
27:08 Bow Saw
28:44 Iron Casting
28:42 Heavy Plow
29:06 Stone Mining
29:56 Gold Shaft Mining
31:08 Fletching
31:22 Scale Mail Armor
31:28 Squires
30:55 Pikeman
34:09 Stone Shaft Mining
34:03 Bodkin Arrow
35:40 Husbandry
38:21 Scale Barding Armor
42:47 Chain Barding Armor
46:18 Hand Cart
45:53 Fishing Lines
46:26 Murder Holes
KoA | Sir Ito
4:48 Loom
16:20 Feudal Age
18:41 Double-Bit Axe
20:45 Horse Collar
24:12 Castle Age
26:07 Wheelbarrow
27:52 Forging
28:41 Pikeman
30:42 Bow Saw
31:17 Scale Mail Armor
42:01 Imperial Age
42:03 Capped Ram
42:51 Squires
43:48 Siege Ram
Connection lost

Rejoining the realm…

Still unreachable

The connection could not be restored.

Session expired

The server has moved on; the page needs a fresh start.